Workbook
Name Afdruktitels_MI: '3. Prognose'!$12:$15
Name Index_heden: #REF!
Name Index_heden: #REF!
Name Index_heden: #REF!

Sheet 1. Kosten 
A9: Project | B9: Bedum | D9: Bouwfase: | F9: Concept
A10: Onderdeel | B10: padel | D10: Contract:
A11: OG | B11: LTC Bedum | D11: Raming:
A12: Datum | B12: 46232
A16: A | B16: GRONDKOSTEN
A18: 1 | B18: Aankoop grond
B19: grondkosten | D19: 0
B20: schone grondverklaring/bodemonderzoek | D20: 0
B21: notariskosten | D21: 0
B22: makelaarskosten | D22: 0
B23: kadestrale inschrijving | D23: 0
A25: 2 | B25: Kosten bouwrijp maken
B26: boekwaarde te slopen opstallen | D26: 0
B27: sloopkosten | D27: 0
B28: verleggen kabels en leidingen | D28: 0
B29: grondwerk na sloop | D29: 0
F30: =SUM(D26:D29) -> 0
B32: SUBTOTAAL GRONDKOSTEN (EXCL.BTW) | F32: =F30+F19 -> 0
A35: B | B35: BOUWKOSTEN
A37: 1a | B37: Bouw- en installatiekosten tennisbaan
B38: bouwkundig werkzaamheden | D38: 0
B39: installaties | D39: 0
B40: sanitair | D40: 0
B41: duurzaamheid | D41: 0
B42: ruimte afwerkingen | D42: incl
B43: bergingen en corridor
F44: =SUM(D38:D43) -> 0
A45: 1b | B45: Bouw- en installatiekosten padelbaan
B46: bouwkundig werkzaamheden | D46: 175000 | H46: offerte padel totaal 3 banen plus 1 beachveld, verlichting en grondwerk uit de offerte zie regel 54
B47: installaties | D47: 75000 | H47: padel totaal verwachting
B48: sanitair | D48: incl
B49: ruimte afwerkingen | D49: incl
B50: uitbreiding clubgebouw | D50: 0
F51: =SUM(D46:D50) -> 250000
A53: 2 | B53: Vaste terreininrichting
B54: aanleg terrein | D54: 40000 | H54: hekwerk en verlichting 30+10
B55: terreinverlichting | D55: incl
B56: waterpartijen en verbreden sloten | D56: 0
B57: groenvoorzieningen | D57: 0
F58: =SUM(D54:D57) -> 40000
A60: 3 | B60: Infrastructuur
B61: aanleggen parkeervoorzieningen | D61: 0
B62: aanleggen straatwerk | D62: 30000 | H62: inrichting, fietsenstalling 10+20
B63: grasveld en overige groenvoorzieningen | D63: 0
F64: =SUM(D61:D63) -> 30000
A66: 4 | B66: Nuts-voorzieningen
B67: aansluitingen nutsvoorzieningen | D67: incl
B68: aanpassen infra nutsvoorziening | D68: 0
F69: =SUM(D67:D68) -> 0
B71: SUBTOTAAL BOUWKOSTEN (EXCL. BTW) | F71: =F69+F64+F58+F51+F44 -> 320000
A74: C | B74: INVENTARISKOSTEN
A76: 1 | B76: Losse inrichting
B77: inrichting horeca | D77: 0
B78: inrichting EHBO/massageruimten | D78: 0
B79: inrichting schoonmaak | D79: 0
B80: inrichting werkplaats / magazijn | D80: 0
B81: inrichting compressorruimte | D81: 0
B82: toegangscontrole systeem | D82: 0
F83: =SUM(D77:D82) -> 0
A85: 2 | B85: Vaste inrichting
B86: 4 tennisbanen met ondergrond | D86: 0
B87: inrichting tennisbanen | D87: 0
B88: 3 padelbanen met betonnen ondergrond | D88: 0
B89: inrichting kleedruimten en toiletten | D89: nvt
B90: kasten toestellenberging | D90: nvt
B91: kluisjes / lockerwand | D91: nvt | H91: nvt
F92: =SUM(D86:D91) -> 0
A93: 3 | B93: Datacommunicatie
B94: patchkast + computers | D94: nvt
B95: datanet | D95: 0
B96: kassasysteem horeca | D96: nvt
F97: =SUM(D94:D96) -> 0
B99: SUBTOTAAL INVENTARISKOSTEN (EXCL. BTW) | F99: =SUM(F83:F97) -> 0
A102: D | B102: BIJKOMENDE KOSTEN
A104: 1 | B104: Honoraria
B105: architect | D105: incl.
B106: constructeur | D106: incl.
B107: overige adviseurs bouwkundig | D107: incl.
B108: toezicht door opdrachtgever | D108: incl.
B109: bouwbegeleiding | D109: incl.
B110: proces- en projectmanagement door gemeente | D110: PM
B111: projectkosten opdrachtgever | D111: PM
B112: onafhankelijke (kosten)adviseur | D112: 0
B113: projectkosten exploitant/gebruikers | D113: PM
F114: =SUM(D105:D113) -> 0
A115: 2 | B115: Heffingen
B116: legeskosten omgevingsvergunning | D116: 10000 | H116: in overleg met gemeente vaststellen
B117: overige heffingen | D117: PM
F118: =SUM(D116:D117) -> 10000
A119: 3 | B119: Aanloopkosten
B120: verhuiskosten | D120: 0
B121: huur tijdelijke voorzieningen | D121: PM
F122: =SUM(D120:D121) -> 0
A123: 4 | B123: Financieringskosten
B124: afsluitprovicie, te rekenen op: | D124: PM
B125: hypotheekakte, te rekenen op: | D125: PM
B126: rente tijdens de bouw, te rekenen op: | D126: PM
F127: =SUM(D124:D126) -> 0
A128: 5 | B128: Risikoverrekening (prognose)
B129: risicopercentage op jaarbasis | H129: 3% prijsstijging
...

Sheet 2.Bezetting en Opbrengsten 
B1: Onderstaande baanschema kan naar eigen inzicht worden aangepast | U1: Onderstaande zijn uitkomsten van baanschema; niet bewerken | V1: Tarieven kunnen worden aangepast
B3: Baan 1 tennis
B4: 700 | C4: 800 | D4: 900 | E4: 1000 | F4: 1100 | G4: 1200 | H4: 1300 | I4: 1400 | J4: 1500 | K4: 1600 | L4: 1700 | M4: 1800 | N4: 1900 | O4: 2000 | P4: 2100 | Q4: 2200
S5: Bezetting | U5: Uren per week | V5: Tarief
A6: Maandag | B6: x | C6: x | D6: 7 | E6: 7 | F6: 7 | G6: 7 | H6: 7 | I6: 7 | J6: 7 | K6: 1 | L6: 1 | M6: 1 | N6: 1 | O6: 1 | P6: 1 | Q6: x | S6: 1 | T6: Training | U6: =COUNTIF(B6:Q89,S6) -> 24 | V6: 0
A7: Dinsdag | B7: x | C7: x | D7: 7 | E7: 6 | F7: 6 | G7: 7 | H7: 7 | I7: 7 | J7: 7 | K7: 7 | L7: 7 | M7: 7 | N7: 6 | O7: 6 | P7: 6 | Q7: x | S7: 2 | T7: Losse Verhuur (dal) | U7: =COUNTIF(B6:Q89,S7) -> 0 | V7: 28
A8: Woensdag | B8: x | C8: x | D8: 7 | E8: 6 | F8: 6 | G8: 7 | H8: 7 | I8: 7 | J8: 7 | K8: 1 | L8: 1 | M8: 1 | N8: 1 | O8: 1 | P8: 1 | Q8: x | S8: 3 | T8: Losse verhuur (piek) | U8: =COUNTIF(B6:Q89,S8) -> 0 | V8: 32.5
A9: Donderdag | B9: x | C9: x | D9: 7 | E9: 7 | F9: 7 | G9: 7 | H9: 7 | I9: 7 | J9: 7 | K9: 7 | L9: 7 | M9: 7 | N9: 6 | O9: 6 | P9: 6 | Q9: x | S9: 4 | T9: Vaste verhuur (dal) | U9: =COUNTIF(B6:Q89,S9) -> 0 | V9: 28
A10: Vrijdag | B10: x | C10: x | D10: 7 | E10: 6 | F10: 6 | G10: 7 | H10: 7 | I10: 7 | J10: 7 | K10: 7 | L10: 7 | M10: 7 | N10: 7 | O10: 7 | P10: 7 | Q10: x | S10: 5 | T10: Vaste Verhuur (piek) | U10: =COUNTIF(B6:Q89,S10) -> 0 | V10: 30
A11: Zaterdag | B11: x | C11: x | D11: 7 | E11: 7 | F11: 7 | G11: 7 | H11: 7 | I11: 7 | J11: 7 | K11: 7 | L11: 7 | M11: 7 | N11: 7 | O11: 7 | P11: 7 | Q11: x | S11: 6 | T11: Leden (vrij) | U11: =COUNTIF(B6:Q50,S11) -> 32 | V11: 0
A12: Zondag | B12: x | C12: x | D12: 7 | E12: 7 | F12: 7 | G12: 7 | H12: 7 | I12: 7 | J12: 7 | K12: 7 | L12: 7 | M12: 7 | N12: 7 | O12: 7 | P12: 7 | Q12: x | S12: 7 | T12: Vrije uren | U12: =COUNTIF(B6:Q89,S12) -> 581 | V12: 0
S13: 8 | T13: Anders | U13: =COUNTIF(B6:Q89,S13) -> 0 | V13: 20
B14: Baan 2 tennis
B15: 700 | C15: 800 | D15: 900 | E15: 1000 | F15: 1100 | G15: 1200 | H15: 1300 | I15: 1400 | J15: 1500 | K15: 1600 | L15: 1700 | M15: 1800 | N15: 1900 | O15: 2000 | P15: 2100 | Q15: 2200 | S15: Aantal weken aan te passen naar werkelijke situatie | U15: =SUM(U6:U13) -> 637
A17: Maandag | B17: x | C17: x | D17: 7 | E17: 7 | F17: 7 | G17: 7 | H17: 7 | I17: 7 | J17: 7 | K17: 1 | L17: 1 | M17: 1 | N17: 1 | O17: 1 | P17: 1 | Q17: x
A18: Dinsdag | B18: x | C18: x | D18: 7 | E18: 6 | F18: 6 | G18: 7 | H18: 7 | I18: 7 | J18: 7 | K18: 7 | L18: 7 | M18: 7 | N18: 6 | O18: 6 | P18: 6 | Q18: x | S18: Aantal weken
A19: Woensdag | B19: x | C19: x | D19: 7 | E19: 6 | F19: 6 | G19: 7 | H19: 7 | I19: 7 | J19: 7 | K19: 1 | L19: 1 | M19: 1 | N19: 1 | O19: 1 | P19: 1 | Q19: x | S19: 45
A20: Donderdag | B20: x | C20: x | D20: 7 | E20: 7 | F20: 7 | G20: 7 | H20: 7 | I20: 7 | J20: 7 | K20: 7 | L20: 7 | M20: 7 | N20: 6 | O20: 6 | P20: 6 | Q20: x | S20: 2
A21: Vrijdag | B21: x | C21: x | D21: 7 | E21: 7 | F21: 7 | G21: 7 | H21: 7 | I21: 7 | J21: 7 | K21: 7 | L21: 7 | M21: 7 | N21: 7 | O21: 7 | P21: 7 | Q21: x
A22: Zaterdag | B22: x | C22: x | D22: 7 | E22: 7 | F22: 7 | G22: 7 | H22: 7 | I22: 7 | J22: 7 | K22: 7 | L22: 7 | M22: 7 | N22: 7 | O22: 7 | P22: 7 | Q22: x
A23: Zondag | B23: x | C23: x | D23: 7 | E23: 7 | F23: 7 | G23: 7 | H23: 7 | I23: 7 | J23: 7 | K23: 7 | L23: 7 | M23: 7 | N23: 7 | O23: 7 | P23: 7 | Q23: x | S23: Onderstaande zijn uitkomsten; niet bewerken!
B25: Baan 3 tennis
B26: 700 | C26: 800 | D26: 900 | E26: 1000 | F26: 1100 | G26: 1200 | H26: 1300 | I26: 1400 | J26: 1500 | K26: 1600 | L26: 1700 | M26: 1800 | N26: 1900 | O26: 2000 | P26: 2100 | Q26: 2200
S27: Invulling | U27: Totaal aantal uren | V27: Totale inkomsten
A28: Maandag | B28: x | C28: x | D28: 7 | E28: 7 | F28: 7 | G28: 7 | H28: 7 | I28: 7 | J28: 7 | K28: 7 | L28: 7 | M28: 7 | N28: 7 | O28: 7 | P28: 7 | Q28: x | S28: 1 | T28: Training | U28: =SUM(U6*S19) -> 1080 | V28: =SUM(V6*U28) -> 0
A29: Dinsdag | B29: x | C29: x | D29: 7 | E29: 7 | F29: 7 | G29: 7 | H29: 7 | I29: 7 | J29: 7 | K29: 7 | L29: 7 | M29: 7 | N29: 6 | O29: 6 | P29: 6 | Q29: x | S29: 2 | T29: Losse Verhuur (dal) | U29: =SUM(U7*S19) -> 0 | V29: =SUM(U29*V7) -> 0
A30: Woensdag | B30: x | C30: x | D30: 7 | E30: 6 | F30: 6 | G30: 7 | H30: 7 | I30: 7 | J30: 7 | K30: 7 | L30: 7 | M30: 7 | N30: 7 | O30: 7 | P30: 7 | Q30: x | S30: 3 | T30: Losse verhuur (piek) | U30: =SUM(U8*S19) -> 0 | V30: =SUM(U30*V8) -> 0
A31: Donderdag | B31: x | C31: x | D31: 7 | E31: 7 | F31: 7 | G31: 7 | H31: 7 | I31: 7 | J31: 7 | K31: 7 | L31: 7 | M31: 7 | N31: 6 | O31: 6 | P31: 6 | Q31: x | S31: 4 | T31: Vaste verhuur (dal) | U31: =SUM(U9*S19) -> 0 | V31: =SUM(U31*V9) -> 0
A32: Vrijdag | B32: x | C32: x | D32: 7 | E32: 7 | F32: 7 | G32: 7 | H32: 7 | I32: 7 | J32: 7 | K32: 7 | L32: 7 | M32: 7 | N32: 7 | O32: 7 | P32: 7 | Q32: x | S32: 5 | T32: Vaste Verhuur (piek) | U32: =SUM(S19*U10) -> 0 | V32: =SUM(U32*V10) -> 0
A33: Zaterdag | B33: x | C33: x | D33: 7 | E33: 7 | F33: 7 | G33: 7 | H33: 7 | I33: 7 | J33: 7 | K33: 7 | L33: 7 | M33: 7 | N33: 7 | O33: 7 | P33: 7 | Q33: x | S33: 6 | T33: Leden (vrij) | U33: =SUM(S19*U11) -> 1440 | V33: =SUM(U33*V11) -> 0
A34: Zondag | B34: x | C34: x | D34: 7 | E34: 7 | F34: 7 | G34: 7 | H34: 7 | I34: 7 | J34: 7 | K34: 7 | L34: 7 | M34: 7 | N34: 7 | O34: 7 | P34: 7 | Q34: x | S34: 7 | T34: Vrije uren | U34: =SUM(U12*S19) -> 26145 | V34: =SUM(U34*V12) -> 0
S35: 8 | T35: Anders | U35: =SUM(U13*S19) -> 0 | V35: =SUM(U35*V13) -> 0
B36: Baan 4 tennis
B37: 700 | C37: 800 | D37: 900 | E37: 1000 | F37: 1100 | G37: 1200 | H37: 1300 | I37: 1400 | J37: 1500 | K37: 1600 | L37: 1700 | M37: 1800 | N37: 1900 | O37: 2000 | P37: 2100 | Q37: 2200
A39: Maandag | B39: x | C39: x | D39: 7 | E39: 7 | F39: 7 | G39: 7 | H39: 7 | I39: 7 | J39: 7 | K39: 7 | L39: 7 | M39: 7 | N39: 7 | O39: 7 | P39: 7 | Q39: x | T39: Totale inkomsten | V39: =SUM(V28:V36) -> 0
A40: Dinsdag | B40: x | C40: x | D40: 7 | E40: 7 | F40: 7 | G40: 7 | H40: 7 | I40: 7 | J40: 7 | K40: 7 | L40: 7 | M40: 7 | N40: 7 | O40: 7 | P40: 7 | Q40: x
A41: Woensdag | B41: x | C41: x | D41: 7 | E41: 6 | F41: 6 | G41: 7 | H41: 7 | I41: 7 | J41: 7 | K41: 7 | L41: 7 | M41: 7 | N41: 7 | O41: 7 | P41: 7 | Q41: x
A42: Donderdag | B42: x | C42: x | D42: 7 | E42: 7 | F42: 7 | G42: 7 | H42: 7 | I42: 7 | J42: 7 | K42: 7 | L42: 7 | M42: 7 | N42: 7 | O42: 7 | P42: 7 | Q42: x | T42: Bezetting | U42: =B287 -> 0
A43: Vrijdag | B43: x | C43: x | D43: 7 | E43: 7 | F43: 7 | G43: 7 | H43: 7 | I43: 7 | J43: 7 | K43: 7 | L43: 7 | M43: 7 | N43: 7 | O43: 7 | P43: 7 | Q43: x
A44: Zaterdag | B44: x | C44: x | D44: 7 | E44: 7 | F44: 7 | G44: 7 | H44: 7 | I44: 7 | J44: 7 | K44: 7 | L44: 7 | M44: 7 | N44: 7 | O44: 7 | P44: 7 | Q44: x
A45: Zondag | B45: x | C45: x | D45: 7 | E45: 7 | F45: 7 | G45: 7 | H45: 7 | I45: 7 | J45: 7 | K45: 7 | L45: 7 | M45: 7 | N45: 7 | O45: 7 | P45: 7 | Q45: x
B47: Baan 1 padel
B48: 700 | C48: 800 | D48: 900 | E48: 1000 | F48: 1100 | G48: 1200 | H48: 1300 | I48: 1400 | J48: 1500 | K48: 1600 | L48: 1700 | M48: 1800 | N48: 1900 | O48: 2000 | P48: 2100 | Q48: 2200
A50: Maandag | B50: x | C50: x | D50: 7 | E50: 7 | F50: 7 | G50: 7 | H50: 7 | I50: 7 | J50: 7 | K50: 7 | L50: 7 | M50: 7 | N50: 7 | O50: 7 | P50: 7 | Q50: x
A51: Dinsdag | B51: x | C51: x | D51: 7 | E51: 7 | F51: 7 | G51: 7 | H51: 7 | I51: 7 | J51: 7 | K51: 7 | L51: 7 | M51: 7 | N51: 7 | O51: 7 | P51: 7 | Q51: x
A52: Woensdag | B52: x | C52: x | D52: 7 | E52: 7 | F52: 7 | G52: 7 | H52: 7 | I52: 7 | J52: 7 | K52: 7 | L52: 7 | M52: 7 | N52: 7 | O52: 7 | P52: 7 | Q52: x
A53: Donderdag | B53: x | C53: x | D53: 7 | E53: 7 | F53: 7 | G53: 7 | H53: 7 | I53: 7 | J53: 7 | K53: 7 | L53: 7 | M53: 7 | N53: 7 | O53: 7 | P53: 7 | Q53: x
A54: Vrijdag | B54: x | C54: x | D54: 7 | E54: 7 | F54: 7 | G54: 7 | H54: 7 | I54: 7 | J54: 7 | K54: 7 | L54: 7 | M54: 7 | N54: 7 | O54: 7 | P54: 7 | Q54: x
A55: Zaterdag | B55: x | C55: x | D55: 7 | E55: 7 | F55: 7 | G55: 7 | H55: 7 | I55: 7 | J55: 7 | K55: 7 | L55: 7 | M55: 7 | N55: 7 | O55: 7 | P55: 7 | Q55: x
A56: Zondag | B56: x | C56: x | D56: 7 | E56: 7 | F56: 7 | G56: 7 | H56: 7 | I56: 7 | J56: 7 | K56: 7 | L56: 7 | M56: 7 | N56: 7 | O56: 7 | P56: 7 | Q56: x
B58: Baan 2 padel
B59: 700 | C59: 800 | D59: 900 | E59: 1000 | F59: 1100 | G59: 1200 | H59: 1300 | I59: 1400 | J59: 1500 | K59: 1600 | L59: 1700 | M59: 1800 | N59: 1900 | O59: 2000 | P59: 2100 | Q59: 2200
A61: Maandag | B61: x | C61: x | D61: 7 | E61: 7 | F61: 7 | G61: 7 | H61: 7 | I61: 7 | J61: 7 | K61: 7 | L61: 7 | M61: 7 | N61: 7 | O61: 7 | P61: 7 | Q61: x
A62: Dinsdag | B62: x | C62: x | D62: 7 | E62: 7 | F62: 7 | G62: 7 | H62: 7 | I62: 7 | J62: 7 | K62: 7 | L62: 7 | M62: 7 | N62: 7 | O62: 7 | P62: 7 | Q62: x
A63: Woensdag | B63: x | C63: x | D63: 7 | E63: 7 | F63: 7 | G63: 7 | H63: 7 | I63: 7 | J63: 7 | K63: 7 | L63: 7 | M63: 7 | N63: 7 | O63: 7 | P63: 7 | Q63: x
A64: Donderdag | B64: x | C64: x | D64: 7 | E64: 7 | F64: 7 | G64: 7 | H64: 7 | I64: 7 | J64: 7 | K64: 7 | L64: 7 | M64: 7 | N64: 7 | O64: 7 | P64: 7 | Q64: x
A65: Vrijdag | B65: x | C65: x | D65: 7 | E65: 7 | F65: 7 | G65: 7 | H65: 7 | I65: 7 | J65: 7 | K65: 7 | L65: 7 | M65: 7 | N65: 7 | O65: 7 | P65: 7 | Q65: x
A66: Zaterdag | B66: x | C66: x | D66: 7 | E66: 7 | F66: 7 | G66: 7 | H66: 7 | I66: 7 | J66: 7 | K66: 7 | L66: 7 | M66: 7 | N66: 7 | O66: 7 | P66: 7 | Q66: x
A67: Zondag | B67: x | C67: x | D67: 7 | E67: 7 | F67: 7 | G67: 7 | H67: 7 | I67: 7 | J67: 7 | K67: 7 | L67: 7 | M67: 7 | N67: 7 | O67: 7 | P67: 7 | Q67: x
B69: Baan 3 padel
B70: 700 | C70: 800 | D70: 900 | E70: 1000 | F70: 1100 | G70: 1200 | H70: 1300 | I70: 1400 | J70: 1500 | K70: 1600 | L70: 1700 | M70: 1800 | N70: 1900 | O70: 2000 | P70: 2100 | Q70: 2200
A72: Maandag | B72: x | C72: x | D72: 7 | E72: 7 | F72: 7 | G72: 7 | H72: 7 | I72: 7 | J72: 7 | K72: 7 | L72: 7 | M72: 7 | N72: 7 | O72: 7 | P72: 7 | Q72: x
A73: Dinsdag | B73: x | C73: x | D73: 7 | E73: 7 | F73: 7 | G73: 7 | H73: 7 | I73: 7 | J73: 7 | K73: 7 | L73: 7 | M73: 7 | N73: 7 | O73: 7 | P73: 7 | Q73: x
A74: Woensdag | B74: x | C74: x | D74: 7 | E74: 7 | F74: 7 | G74: 7 | H74: 7 | I74: 7 | J74: 7 | K74: 7 | L74: 7 | M74: 7 | N74: 7 | O74: 7 | P74: 7 | Q74: x
A75: Donderdag | B75: x | C75: x | D75: 7 | E75: 7 | F75: 7 | G75: 7 | H75: 7 | I75: 7 | J75: 7 | K75: 7 | L75: 7 | M75: 7 | N75: 7 | O75: 7 | P75: 7 | Q75: x
A76: Vrijdag | B76: x | C76: x | D76: 7 | E76: 7 | F76: 7 | G76: 7 | H76: 7 | I76: 7 | J76: 7 | K76: 7 | L76: 7 | M76: 7 | N76: 7 | O76: 7 | P76: 7 | Q76: x
A77: Zaterdag | B77: x | C77: x | D77: 7 | E77: 7 | F77: 7 | G77: 7 | H77: 7 | I77: 7 | J77: 7 | K77: 7 | L77: 7 | M77: 7 | N77: 7 | O77: 7 | P77: 7 | Q77: x
A78: Zondag | B78: x | C78: x | D78: 7 | E78: 7 | F78: 7 | G78: 7 | H78: 7 | I78: 7 | J78: 7 | K78: 7 | L78: 7 | M78: 7 | N78: 7 | O78: 7 | P78: 7 | Q78: x
B81: 700 | C81: 800 | D81: 900 | E81: 1000 | F81: 1100 | G81: 1200 | H81: 1300 | I81: 1400 | J81: 1500 | K81: 1600 | L81: 1700 | M81: 1800 | N81: 1900 | O81: 2000 | P81: 2100 | Q81: 2200
A83: Maandag | B83: x | C83: x | D83: x | E83: x | F83: x | G83: x | H83: x | I83: x | J83: x | K83: x | L83: x | M83: x | N83: x | O83: x | P83: x | Q83: x
A84: Dinsdag | B84: x | C84: x | D84: x | E84: x | F84: x | G84: x | H84: x | I84: x | J84: x | K84: x | L84: x | M84: x | N84: x | O84: x | P84: x | Q84: x
A85: Woensdag | B85: x | C85: x | D85: x | E85: x | F85: x | G85: x | H85: x | I85: x | J85: x | K85: x | L85: x | M85: x | N85: x | O85: x | P85: x | Q85: x
A86: Donderdag | B86: x | C86: x | D86: x | E86: x | F86: x | G86: x | H86: x | I86: x | J86: x | K86: x | L86: x | M86: x | N86: x | O86: x | P86: x | Q86: x
A87: Vrijdag | B87: x | C87: x | D87: x | E87: x | F87: x | G87: x | H87: x | I87: x | J87: x | K87: x | L87: x | M87: x | N87: x | O87: x | P87: x | Q87: x
A88: Zaterdag | B88: x | C88: x | D88: x | E88: x | F88: x | G88: x | H88: x | I88: x | J88: x | K88: x | L88: x | M88: x | N88: x | O88: x | P88: x | Q88: x
A89: Zondag | B89: x | C89: x | D89: x | E89: x | F89: x | G89: x | H89: x | I89: x | J89: x | K89: x | L89: x | M89: x | N89: x | O89: x | P89: x | Q89: x

Sheet 3. Prognose
A7: Project | E7: Bouwfase:
A8: Onderdeel | C8: Exploitatieprognose | E8: Contract: | H8: Leden | K8: winsum
E9: Raming: | K9: tennis | L9: 125
A10: Datum | H10: Leden | I10: 280 | K10: padel | L10: 165
H11: Contributie | I11: 185 | K11: combi | L11: 220 | N11: +22 euro afdracht KNLTB
A12: = | B12: = | C12: = | D12: = | E12: = | H12: Bestaande leden | I12: 150
C13: JAARLIJKSE OPBRENGSTEN | L13: 140
A14: = | B14: = | C14: = | D14: = | E14: = | H14: Extra sport | I14: 150 | J14: introducee
H15: Contributie | I15: 5
A16: 1 | C16: Verhuur
C17: verenigingen | E17: 0
C18: contributie leden | E18: =SUM(I10*I11) -> 51800 | H18: totaal
C19: Extra contributie leden | E19: =SUM(I14*I15) -> 750
C20: Jeugdleden | E20: =30*69 -> 2070
C21: Verhuur tennisschool | E21: ='2.Bezetting en Opbrengsten '!V28 -> 0
C22: Verhuur padelschool | E22: 0
C23: verhuur losse tennisbanen | E23: 150
C24: Verhuur losse padelbanen | E24: 1600
B26: c. | C26: particulieren | E26: 0
B27: d. | C27: evenementen | E27: =80*10*5 -> 4000 | F27: 80 deelnemers * 10 euro inschrijving * 5 evenementen
B28: e. | C28: overig | E28: 0
A30: 2 | C30: Subsidies
B31: a. | C31: Gemeente | E31: 0
B32: b. | C32: Overig | E32: 0
A34: 3 | C34: Sponsoring en reclame
B35: a. | C35: Reklameborden | E35: 250
B36: b. | C36: Donateurs | E36: 0
B37: c. | C37: overig | E37: 0
A39: 4 | C39: Horeca-inkomsten
B40: a. | C40: verhuur- of pachtopbrengst | E40: 0
B41: b. | C41: omzet horeca | E41: 10000
A43: 5 | C43: Exploitatiebijdrage
B44: a. | C44: jaarlijkse bijdrage gemeente | E44: 0
B45: b. | C45: jaarlijkse bijdrage competitie | E45: 0
B46: c. | C46: jaarlijkse bijdrage jeugdactiviteiten | E46: 0
A48: 6 | C48: Inkomsten Vereniging van Eigenaren
B49: a. | C49: bijdrage VVE | E49: 0
A51: 7 | C51: Overige jaarlijkse opbrengsten | E51: 0
E52: =
C53: Totaal jaarlijkse opbrengsten | E53: =SUM(E17:E51) -> 70620
A56: = | B56: = | C56: = | D56: = | E56: =
C57: JAARLIJKSE LASTEN
A58: = | B58: = | C58: = | D58: = | E58: =
A60: 1 | C60: Kapitaalslasten en afschrijvingen
B61: a. | C61: kapitaalslasten t.b.v. de investering | E61: ='1. Kosten '!F173 -> 6505.5247 | F61: Vanuit tabblad 1. Kosten
B62: b. | C62: afschrijvingen padel banen zit in a. | E62: 0 | F62: zie tabblad 1.Kosten
B63: c. | C63: afschrijving tennis banen | E63: =330000/30 -> 11000 | F63: 30 jaar tennis 4 banen €330.000 (zie bijlage over kosten tennisbanen bij mail Christiaan
B64: d. | C64: voorzieningen | E64: 0
A66: 2 | C66: Erfpacht
B67: a. | C67: erfpachtscanon | E67: 0
A69: 3 | C69: Onroerend zaak belasting
B70: a. | C70: gebruik niet woningen | D70: 0.001104 | E70: 0
B71: b. | C71: eigendom niet woningen | D71: 0.001751 | E71: 0
A73: 4 | C73: Verzekeringen
B74: a. | C74: brand, glas, storm, WA | E74: 2000
B75: b. | C75: bestaande verzekeringen | E75: 2000
A77: 5 | C77: Overheidsbijdragen
B78: a. | C78: afvalstoffenheffing | E78: 1000 | F78: 180,-/j + 2500kg restafval
B79: b. | C79: rioolrecht | E79: 0 | F79: 1000m3, 395 basis (900 m3) + 116/100m3 extra
B80: c. | C80: waterschapsomslag | E80: 0
A82: 6 | C82: Energiekosten
B83: a. | C83: elektra | E83: =12*500 -> 6000 | F83: zie energieberekening + buiten banen & bestaand clubgebouw (8k)
B84: b. | C84: water | E84: 0 | F84: 1000m3, sproeien banen met grondwater
B85: c. | C85: teruggave PV | E85: -3000 | F85: 72000 kWh a 8 ct
A87: 7 | C87: Onderhoud
B88: a. | C88: klein onderhoud | E88: 4000 | F88: jaarlijkse reservering voor kleine reparaties, aanvulling materiaal etc
B89: b. | C89: groot onderhoud | E89: 7500
B90: c. | C90: schoonmaakkosten | E90: 2400 | F90: 200 euro per maand * 12 maanden huidige schoonmaakster
A92: 8 | C92: Bedrijfskosten
B93: a. | C93: kosten beheer | E93: 0
B94: b. | C94: telefoonkosten | E94: 1200
B95: c. | C95: digitalisering | E95: 0
B96: d. | C96: administratiekosten | E96: 0
B97: e. | C97: reclame- en advertentiekosten | E97: 0
B98: f. | C98: accountancie | E98: 1200 | F98: verwachting 100 euro per maand externe administrateur
B99: g. | C99: juridische zaken | E99: 0
B100: h. | C100: afdracht KNLTB | E100: =200*22 -> 4400 | F100: 22 euro per lid uitgaande van 200 leden
B101: i. | C101: tennisballen | E101: 0 | F101: materialen bij subsidie verstrekkers
B102: j. | C102: inkoop horeca | E102: 5000 | F102: verkoopprijs is 50% hoger dan de inkoopprijs.
B103: k. | C103: jeugdactiviteiten | E103: 0
A105: 9 | C105: Personeelskosten
B106: a. | C106: groundsman + onderhoud | E106: 0
B107: b. | C107: tennisschool | E107: 0
B108: c. | C108: horecapersoneel | E108: 0
B109: d. | C109: beheerders | E109: 0
B110: e. | C110: secretariaat/administratie | E110: 0
E111: =
C112: Totaal jaarlijkse lasten | E112: =SUM(E61:E110) -> 51205.525
C114: EXPLOITATIEPROGNOSE | E114: =E53-E112 -> 19414.475 | F114: Opbrensten minus de lasten

Sheet bedragen 2025 begroting
A7: Project | E7: Bouwfase:
A8: Onderdeel | C8: Exploitatieprognose | E8: Contract: | H8: Leden | K8: winsum
E9: Raming: | K9: tennis | L9: 125
A10: Datum | H10: Leden | I10: 280 | K10: padel | L10: 165
H11: Contributie | I11: 165 | K11: combi | L11: 220 | N11: +22 euro afdracht KNLTB
A12: = | B12: = | C12: = | D12: = | E12: = | H12: Bestaande leden | I12: 150
C13: JAARLIJKSE OPBRENGSTEN | L13: 140
A14: = | B14: = | C14: = | D14: = | E14: = | H14: Extra sport | I14: 150 | J14: introducee
H15: Contributie | I15: 5
A16: 1 | C16: Verhuur
C17: verenigingen | E17: 0
C18: contributie leden | E18: =SUM(I10*I11) -> 46200 | H18: totaal
C19: Extra contributie leden | E19: =SUM(I14*I15) -> 750
C20: Jeugdleden | E20: =30*69 -> 2070
C21: Verhuur tennisschool | E21: ='2.Bezetting en Opbrengsten '!V28 -> 0
C22: Verhuur padelschool | E22: 0
C23: verhuur losse tennisbanen | E23: 150
C24: Verhuur losse padelbanen | E24: 1600
B26: c. | C26: particulieren | E26: 0
B27: d. | C27: evenementen | E27: =80*10*5 -> 4000 | F27: 80 deelnemers * 10 euro inschrijving * 5 evenementen
B28: e. | C28: overig | E28: 0
A30: 2 | C30: Subsidies
B31: a. | C31: Gemeente | E31: 0
B32: b. | C32: Overig | E32: 0
A34: 3 | C34: Sponsoring en reclame
B35: a. | C35: Reklameborden | E35: 750
B36: b. | C36: Donateurs | E36: 500
B37: c. | C37: overig | E37: 0
A39: 4 | C39: Horeca-inkomsten
B40: a. | C40: verhuur- of pachtopbrengst | E40: 0
B41: b. | C41: omzet horeca | E41: 10000
A43: 5 | C43: Exploitatiebijdrage
B44: a. | C44: jaarlijkse bijdrage gemeente | E44: 0
B45: b. | C45: jaarlijkse bijdrage competitie | E45: 0
B46: c. | C46: jaarlijkse bijdrage jeugdactiviteiten | E46: 0
A48: 6 | C48: Inkomsten Vereniging van Eigenaren
B49: a. | C49: bijdrage VVE | E49: 0
A51: 7 | C51: Overige jaarlijkse opbrengsten | E51: 0
E52: =
C53: Totaal jaarlijkse opbrengsten | E53: =SUM(E17:E51) -> 66020
A56: = | B56: = | C56: = | D56: = | E56: =
C57: JAARLIJKSE LASTEN
A58: = | B58: = | C58: = | D58: = | E58: =
A60: 1 | C60: Kapitaalslasten en afschrijvingen
B61: a. | C61: kapitaalslasten t.b.v. de investering | E61: ='1. Kosten '!F173 -> 6505.5247 | F61: Vanuit tabblad 1. Kosten
B62: b. | C62: afschrijvingen padel banen zit in a. | E62: 0 | F62: zie tabblad 1.Kosten
B63: c. | C63: afschrijving tennis banen | E63: =330000/30 -> 11000 | F63: 30 jaar tennis 4 banen €330.000 (zie bijlage over kosten tennisbanen bij mail Christiaan
B64: d. | C64: voorzieningen | E64: 0
A66: 2 | C66: Erfpacht
B67: a. | C67: erfpachtscanon | E67: 0
A69: 3 | C69: Onroerend zaak belasting
B70: a. | C70: gebruik niet woningen | D70: 0.001104 | E70: 0
B71: b. | C71: eigendom niet woningen | D71: 0.001751 | E71: 800
A73: 4 | C73: Verzekeringen
B74: a. | C74: brand, glas, storm, WA | E74: 1100
B75: b. | C75: bestaande verzekeringen | E75: 2000
A77: 5 | C77: Overheidsbijdragen
B78: a. | C78: afvalstoffenheffing | E78: 1000 | F78: 180,-/j + 2500kg restafval
B79: b. | C79: rioolrecht | E79: 260 | F79: 1000m3, 395 basis (900 m3) + 116/100m3 extra
B80: c. | C80: waterschapsomslag | E80: 0
A82: 6 | C82: Energiekosten
B83: a. | C83: elektra | E83: 4800 | F83: zie energieberekening + buiten banen & bestaand clubgebouw (8k)
B84: b. | C84: water | E84: 120 | F84: 1000m3, sproeien banen met grondwater
B85: c. | C85: teruggave PV | E85: -3000 | F85: 72000 kWh a 8 ct
A87: 7 | C87: Onderhoud
B88: a. | C88: klein onderhoud | E88: 4000 | F88: jaarlijkse reservering voor kleine reparaties, aanvulling materiaal etc
B89: b. | C89: groot onderhoud | E89: 7500
B90: c. | C90: schoonmaakkosten | E90: 2400 | F90: 200 euro per maand * 12 maanden huidige schoonmaakster
A92: 8 | C92: Bedrijfskosten
B93: a. | C93: kosten beheer | E93: 0
B94: b. | C94: telefoonkosten | E94: 510
B95: c. | C95: rabobank | E95: 310
B96: d. | C96: administratiekosten | E96: 0
B97: e. | C97: reclame- en advertentiekosten | E97: 0
B98: f. | C98: accountancie | E98: 1200 | F98: verwachting 100 euro per maand externe administrateur
B99: g. | C99: juridische zaken | E99: 0
B100: h. | C100: afdracht KNLTB | E100: 5600 | F100: 22 euro per lid uitgaande van 200 leden
B101: i. | C101: tennisballen | E101: 0 | F101: materialen bij subsidie verstrekkers
B102: j. | C102: inkoop horeca | E102: 5000 | F102: verkoopprijs is 50% hoger dan de inkoopprijs.
B103: k. | C103: jeugdactiviteiten | E103: 0
A105: 9 | C105: Personeelskosten
B106: a. | C106: groundsman + onderhoud | E106: 0
B107: b. | C107: tennisschool | E107: 0
B108: c. | C108: horecapersoneel | E108: 0
B109: d. | C109: beheerders | E109: 0
B110: e. | C110: secretariaat/administratie | E110: 0
E111: =
C112: Totaal jaarlijkse lasten | E112: =SUM(E61:E110) -> 51105.525
C114: EXPLOITATIEPROGNOSE | E114: =E53-E112 -> 14914.475 | F114: Opbrensten minus de lasten

Sheet 4. Notities

Sheet contributie matrix
B4: inflatie in procnten | E4: 2 | F4: 2 | G4: 2 | H4: 2
D5: 1e jaar | E5: 2e jaar | F5: 3e jaar | G5: 4e jaar | H5: 5e jaar
B6: vaste kosten | D6: ='3. Prognose'!E112 -> 51205.525 | E6: =D6*102% -> 52229.635 | F6: =E6*102% -> 53274.228 | G6: =F6*102% -> 54339.712 | H6: =G6*102% -> 55426.507
B8: vaste opbrengste | D8: ='3. Prognose'!E23+'3. Prognose'!E24+'3. Prognose'!E27+'3. Prognose'!E35+'3. Prognose'!E41 -> 16000 | E8: =D8*102% -> 16320 | F8: =E8*102% -> 16646.4 | G8: =F8*102% -> 16979.328 | H8: =G8*102% -> 17318.915
B10: aan contributie nodig | D10: =D6-D8 -> 35205.525 | E10: =E6-E8 -> 35909.635 | F10: =F6-F8 -> 36627.828 | G10: =G6-G8 -> 37360.384 | H10: =H6-H8 -> 38107.592
B11: aantal leden | D11: 220 | E11: 240 | F11: 260 | G11: 270 | H11: 280
B13: per lid aan contributie | D13: =D10/D11 -> 160.02511 | E13: =E10/E11 -> 149.62348 | F13: =F10/F11 -> 140.87626 | G13: =G10/G11 -> 138.37179 | H13: =H10/H11 -> 136.09854
D15: =D6-D8-D10 -> 0 | E15: =E6-E8-E10 -> 0 | F15: =F6-F8-F10 -> 0 | G15: =G6-G8-G10 -> 0 | H15: =H6-H8-H10 -> 0
B17: contributie | D17: 190 | E17: =D17+5 -> 195 | F17: =E17+5 -> 200 | G17: =F17+5 -> 205 | H17: =G17+5 -> 210
D18: =(D11*D17)+D8-D6 -> 6594.4753 | E18: =(E11*E17)+E8-E6 -> 10890.365 | F18: =(F11*F17)+F8-F6 -> 15372.172 | G18: =(G11*G17)+G8-G6 -> 17989.616 | H18: =(H11*H17)+H8-H6 -> 20692.408
